 Dungeon Crawl Stone Soup version 0.30-a0-586-g23e55c9e0a (webtiles) character file.

Game seed: 5671942584089134945

210 bmack86 the Trooper (level 5, -3/47 HPs)
             Began as a Minotaur Fighter on Jan 3, 2023.
             Slain by an ogre
             ... wielding a +0 giant spiked club
              (20 damage)
             ... on level 4 of the Dungeon.
             The game lasted 00:07:17 (2784 turns).

bmack86 the Trooper (Minotaur Fighter)              Turns: 2784, Time: 00:07:18

Health: -3/47      AC:  8    Str: 23    XL:     5   Next: 56%
Magic:  4/4        EV:  9    Int:  5    God:
Gold:   182        SH:  4    Dex:  9    Spells: 4/4 levels left

rFire   + . .      SeeInvis .    a - +0 war axe
rCold   x . .      Faith    .    c - +0 buckler
rNeg    . . .      Spirit   .    b - +0 scale mail
rPois   .          Reflect  .    (helmet restricted)
rElec   .          Harm     .    (no cloak)
rCorr   .          Rampage  .    (no gloves)
Will    .....                    f - +0 pair of boots Stlth
                                 (no amulet)
HPRegen 0.27/turn                h - ring of fire
MPRegen 0.09/turn                (no ring)

@: no status effects
A: horns 2, retaliatory headbutt
a: no special abilities


You were on level 4 of the Dungeon.
You visited 1 branch of the dungeon, and saw 4 of its levels.

You collected 182 gold pieces.

Inventory:

Hand Weapons
 a - a +0 war axe (weapon)
Armour
 b - a +0 scale mail (worn)
 c - a +0 buckler (worn)
 f - a +0 pair of boots (worn)
Jewellery
 h - a ring of fire (left hand)
Wands
 k - a wand of charming (7)
 r - a wand of roots (6)
Scrolls
 j - a scroll of enchant armour {unknown}
 p - 3 scrolls of poison
 q - a scroll of immolation {unknown}
Potions
 d - 2 potions of might
 e - 2 potions of mutation
 i - a potion of brilliance {unknown}
 m - a potion of resistance {unknown}
 n - a potion of curing {unknown}
 o - a potion of lignification


   Skills:
 + Level 4.5 Fighting
 * Level 4.5 Axes
 + Level 1.9 Throwing
 + Level 4.4 Armour
 + Level 4.5 Shields


You had 4 spell levels left.
You didn't know any spells.
Your spell library contained the following spells:

 Spells                   Type           Power      Damage    Failure   Level
 Slow                     Hex            0%         N/A       86%         1
 Confusing Touch          Hex            0%         N/A       99%         3
 Vampiric Draining        Necr           0%         2d6       99%         3
 Fireball                 Conj/Fire      0%         3d3       100%        5
 Iskenderun's Battlesphe  Conj           0%         2d6       100%        5
 Conjure Ball Lightning   Conj/Air       0%         3x3d6     100%        6
 Orb of Destruction       Conj           0%         9d5       100%        7


Dungeon Overview and Level Annotations

Branches:
Dungeon (4/15)
 Temple: D:4-7

Altars:
Qazlal


Innate Abilities, Weirdness & Mutations

You have a pair of horns on your head.
You reflexively headbutt those who attack you in melee.


Message History

Found 8 gold pieces.
There is a stone staircase leading up here.
Throw: dart (poison)
Press: ? - help, Q - select action, (/) - cycle Shift-Dir - straight line, f - ogre
Aim: an ogre, wielding a +0 giant spiked club (72% to hit)
You throw a poisoned dart.
The poisoned dart hits the giant cockroach.
The giant cockroach is poisoned.
You kill the giant cockroach!
You hit the giant cockroach.
Your headbutt misses the giant cockroach.
The giant cockroach is heavily wounded.
The giant cockroach closely misses you.
You hit the giant cockroach but do no damage.
The giant cockroach is heavily wounded.
The giant cockroach bites you but does no damage.
You block the giant cockroach's attack.
You closely miss the adder. You barely miss the giant cockroach.
You hit the endoplasm.
The endoplasm hits you but does no damage.
The giant cockroach closely misses you. You furiously retaliate!
You headbutt the giant cockroach. The adder closely misses you.
You furiously retaliate!
You headbutt the adder! You miss the adder.
The adder is severely wounded.
You hit the giant cockroach. You slash the endoplasm!
You kill the endoplasm!
The giant cockroach bites you but does no damage.
The adder barely misses you.
An ogre comes into view. It is wielding a +0 giant club.
The giant cockroach bites you but does no damage.
The adder closely misses you.
The ogre hits you with a +0 giant spiked club!!
Ouch! That really hurt!
You hit the adder.
You kill the adder!
You hit the ogre. You barely miss the giant cockroach.
The giant cockroach bites you but does no damage.
The ogre hits you with a +0 giant spiked club!!
You die...

.. ...........
... ..........
.... .......O..
....###.......#
..............#
#......(....#
#....BO...#
#...<@...#
................
.....#.........#
..............##
..............#
..........#.....
....#.....##...#
...###.... $..#


You could see 2 ogres and a giant cockroach.

Vanquished Creatures
  A vampire bat (D:3)
  A jelly (D:3)
  Terence (D:3)
  Jessica (D:2)
  3 adders
  2 worms (D:2)
  2 orcs (D:3)
  10 bats
  7 endoplasms
  5 giant cockroaches
  2 goblins
  6 hobgoblins
  3 jackals (D:2)
  A kobold (D:3)
  4 quokkas
  4 ball pythons
  3 frilled lizards
  2 rats
58 creatures vanquished.

Vanquished Creatures (others)
  9 plants (D:2)
9 creatures vanquished.

Grand Total: 67 creatures vanquished

Notes
Turn   | Place    | Note
-------+----------+-------------------------------------------
     0 | D:1      | bmack86 the Minotaur Fighter began the quest for the Orb.
     0 | D:1      | Reached XP level 1. HP: 19/19 MP: 0/0
   496 | D:1      | Reached XP level 2. HP: 20/27 MP: 1/1
   855 | D:2      | Reached XP level 3. HP: 32/33 MP: 2/2
   898 | D:2      | Reached skill level 1 in Throwing
   930 | D:2      | Found a faded altar of an unknown god.
   937 | D:2      | Noticed Jessica
   941 | D:2      | Killed Jessica
  1038 | D:2      | Reached XP level 4. HP: 32/40 MP: 3/3
  1734 | D:3      | Found a stormy altar of Qazlal.
  2049 | D:3      | Found a transporter.
  2072 | D:3      | Found a transporter.
  2481 | D:3      | Noticed Terence
  2491 | D:3      | Killed Terence
  2492 | D:3      | Reached XP level 5. HP: 11/47 MP: 4/4
  2777 | D:4      | Noticed an ogre
  2783 | D:4      | Noticed an ogre
  2784 | D:4      | Slain by an ogre

Illustrated notes

Levels and vault maps discovered:
D:1:      lemuel_arrival_lava_pool, layout_basic
D:2:      layout_basic, dilly_ecumenical_altar_fadedgnrine,
          chequers_serial_rivers_large_b, small_statue_intersection,
          minmay_pentomino_t2, uniq_jessica
D:3:      gammafunk_wand_slinger, layout_loops_corners,
          mainiacjoe_overflow_paths, roderic_batcave, uniq_terence
D:4:      layout_cave_pools, uniq_sigmund

Skill      XL: |  1  2  3  4 |
---------------+-------------+-----
Axes           | 3 4 |  4.5
Fighting       | 4 |  4.5
Throwing       | 1 |  1.9
Armour         | 4 |  4.4
Shields        | 4 |  4.5

Action                   |  1- 3 |  4- 6 || total
-------------------------+-------+-------++-------
Melee: War axe           |    47 |    55 ||   102
       Headbutt          |     3 |     8 ||    11
Throw: Dart              |     4 |     8 ||    12
  Use: Scroll            |       |     4 ||     4
       Potion            |       |     1 ||     1
Armor: Scale mail        |    34 |    28 ||    62
Dodge: Dodged            |    24 |    36 ||    60
Block: Buckler           |    19 |     8 ||    27

Table legend: (Time is in decaauts)
 A = Elapsed time spent in this place.
 B = Non-inter-level travel time spent in this place.
 C = Inter-level travel time spent in this place.
 D = Time resting spent in this place.
 E = Time spent auto-exploring this place.
 F = Levels seen in this place.
 G = Mean time per level.
                   A        B        C        D        E       F      G
               +--------+--------+--------+--------+--------+-----+--------+
         Total |   2850 |   2758 |     92 |    161 |   1775 |   4 |  712.5 |
       Dungeon |   2850 |   2758 |     92 |    161 |   1775 |   4 |  712.5 |
               +--------+--------+--------+--------+--------+-----+--------+

Top non-repeatable levels by time:
     D:3: 1220 daAuts
     D:1: 841 daAuts
     D:2: 780 daAuts
     D:4: 8 daAuts
